 Dungeon Sprint DCSS version 0.31-a0-115-g4708a659fe (webtiles) character file.

Game seed: 16075566753463412681

2877 Conn the Arsonist (level 9, -10/54 HPs)
             Began as an Octopode Fire Elementalist on May 29, 2023.
             Was a Believer of Sif Muna.
             Shot with an arrow by a centaur warrior (16 damage)
             ... in the Dungeon (Sprint I: "Red Sonja").
             The game lasted 00:06:19 (939 turns).

Conn the Arsonist (Octopode Fire Elementalist)       Turns: 939, Time: 00:06:21

Health: -10/54     AC:  1    Str:  7    XL:     9   Next: 76%
Magic:  19/24      EV: 14    Int: 21    God:    Sif Muna [**....]
Gold:   861        SH:  0    Dex: 13    Spells: 21/31 levels left

rFire   . . .        j - +0 short sword (drain)
rCold   . . .        (no shield)
rNeg    . . .        (helmet restricted)
rPois   .            (no amulet)
rElec   .            (no ring)
rCorr   .            (no ring)
SInv    .            (no ring)
Will    .....        (no ring)
Stlth   ++++         (no ring)
HPRegen 0.29/turn    (no ring)
MPRegen 0.19/turn    (no ring)
                     (no ring)

%: no teleportation
@: no status effects
A: almost no armour, amphibious, 8 rings, camouflage 1, gelatinous body 1,
(nimble swimmer 1), tentacles
a: Renounce Religion, Channel Magic


You were in the Dungeon.
You worshipped Sif Muna.
Sif Muna was pleased with you.
You visited 1 branch You collected 861 gold pieces.

Inventory:

Hand Weapons
 j - a +0 short sword of draining (weapon)
Missiles
 i - 3 curare-tipped darts (quivered)
Wands
 e - a wand of iceblast (9)
Scrolls
 h - a scroll of magic mapping {unknown}
Potions
 a - 3 potions of magic
 b - 6 potions of curing
 d - a potion of haste
 g - 2 potions of enlightenment {unknown}


   Skills:
 + Level 2.0 Fighting
 + Level 1.4 Throwing
 + Level 4.8 Dodging
 + Level 6.2 Stealth
 + Level 11.5 Spellcasting
 * Level 10.0 Conjurations
 + Level 4.8 Hexes
 + Level 13.5 Fire Magic


You had 21 spell levels left.
You knew the following spells:

 Your Spells              Type           Power      Damage    Failure   Level
a - Foxfire               Conj/Fire      100%       2x1d9     1%          1
b - Scorch                Fire           100%       2d9       1%          2
c - Inner Flame           Hex/Fire       50%        N/A       1%          3
d - Flame Wave            Conj/Fire      57%        2d14      1%          4

Your spell library contained the following spells:

 Spells                   Type           Power      Damage    Failure   Level
 Volatile Blastmotes      Fire/Tloc      80%        2d16      1%          3


Dungeon Overview and Level Annotations

Branches:
Dungeon (1/1)

Altars:
Cheibriados
Dithmenos
Elyvilon
Fedhas
Gozag
Hepliaklqana
Kikubaaqudgha
Makhleb
Nemelex Xobeh
Okawaru
Qazlal
Ru
Sif Muna
Trog
Uskayaw
Vehumet
Wu Jian
Xom
Yredelemnul
Zin
The Shining One
Jiyva
Lugonu

Shops:
D ?=[


Innate Abilities, Weirdness & Mutations

You cannot wear most types of armour.
You are amphibious.
You can wear up to eight rings at the same time.
Your skin changes colour to match your surroundings (Stealth+).
Your rubbery body absorbs attacks. (AC +1, EV +1)
((You are camouflaged when in or above water. (Stealth+)))
You have tentacles for arms and can constrict up to eight enemies at once.


Message History

Confirm with . or Enter, or press ? or * to list all spells.
Okay, then.
Unknown command.
Okay, then.
Unknown command.
Unknown command.
Unknown command.
Okay, then.
Okay, then.
Unknown command.
Unknown command.
Casting: Inner Flame (safe; 1% risk of failure)
Confirm with . or Enter, or press ? or * to list all spells.
Okay, then.
Unknown command.
Aiming: Iceblast
Press: ? - help, Shift-Dir - straight line, f/p - centaur warrior
Aim: a centaur warrior, wielding a +0 shortbow (purple smoke, lightly wounded, inner flame)
The mass of ice explodes!
The iceblast engulfs the centaur warrior.
Flame seeps out of the centaur warrior.
The centaur warrior is lightly wounded.
You hear an angry buzzing noise.
Blink to where?
Press: ? - help, Dir - move target, p - centaur warrior
As you read the scroll of blinking, it crumbles to dust.
The centaur warrior shoots an arrow.
The arrow closely misses you.
You close the door.
Something unseen breaks down the door.
You see here a +0 shortbow.
Casting: Inner Flame (safe; 1% risk of failure)
Confirm with . or Enter, or press ? or * to list all spells.
You conjure some foxfire!
You feel much better.
The foxfire hits the centaur warrior.
Flame seeps out of the centaur warrior.
The centaur warrior is lightly wounded.
The centaur warrior shoots an arrow.
The arrow hits you!!
* * * LOW HITPOINT WARNING * * *
The centaur warrior shoots an arrow.
The arrow hits you!
You die...

#.[#####'#####'#__####...+
#..####..#...#[####([#####
#..#__####..##.#§~§§(#$§#
#..#_____##'#_.§§~§§§'.y#
#⌠⌠#_.∩...'..._#~~§§.#.$#
####_..__##_.#§##'####
#_____###'#.#§[.§###
############.####c###.##
#∩........'...+@§...'.∩#
###++++####...##########
###.### #.#'#.# #.....#
#.([..# #######


You could see a centaur warrior (inner flame).

Vanquished Creatures
  A centaur warrior (D)
  Sonja (D)
  A deep troll (D)
  2 kobold demonologists (D)
  A slime creature (D)
  Sigmund (D)
  A yak (D)
  A floating eye (D)
  An ogre (D)
  A jelly (D)
  Ijyb (D)
  2 ballistomycete spores (D)
14 creatures vanquished.

Vanquished Creatures (others)
  39 foxfires (D)
39 creatures vanquished.

Grand Total: 53 creatures vanquished

Notes
Turn   | Place    | Note
-------+----------+-------------------------------------------
     0 | D        | Conn the Octopode Fire Elementalist began the quest for the
                  | Orb.
     0 | D        | Reached XP level 1. HP: 11/11 MP: 3/3
     3 | D        | Noticed Ijyb
    11 | D        | Killed Ijyb
    12 | D        | Reached skill level 4 in Fire Magic
    12 | D        | Reached XP level 2. HP: 1/17 MP: 0/5
    12 | D        | Reached XP level 3. HP: 2/21 MP: 0/7
    92 | D        | Learned a level 2 spell: Scorch
    96 | D        | Learned a level 3 spell: Inner Flame
    97 | D        | Noticed an ogre
   100 | D        | Killed an ogre
   101 | D        | Reached skill level 6 in Fire Magic
   101 | D        | Reached XP level 4. HP: 9/27 MP: 0/10
   187 | D        | Learned a level 4 spell: Flame Wave
   187 | D        | Noticed Sigmund
   192 | D        | Killed Sigmund
   193 | D        | Reached skill level 1 in Fighting
   193 | D        | Reached skill level 5 in Spellcasting
   193 | D        | Reached skill level 5 in Conjurations
   193 | D        | Reached skill level 8 in Fire Magic
   193 | D        | Reached XP level 5. HP: 19/33 MP: 2/12
   193 | D        | Reached XP level 6. HP: 22/38 MP: 2/14
   288 | D        | Found a shimmering blue altar of Sif Muna.
   289 | D        | Found an ornate altar of the Wu Jian Council.
   290 | D        | Found a radiant altar of Vehumet.
   294 | D        | Reached skill level 5 in Stealth
   296 | D        | Became a worshipper of Sif Muna the Loreminder
   336 | D        | Found Eshriaz's Jewellery Emporium.
   336 | D        | Found an ancient bone altar of Kikubaaqudgha.
   336 | D        | Found a hazy altar of Hepliaklqana.
   336 | D        | Found a stormy altar of Qazlal.
   336 | D        | Found a hide-covered altar of Uskayaw.
   336 | D        | Found a blossoming altar of Fedhas.
   336 | D        | Found a bloodstained altar of Trog.
   336 | D        | Found an iron altar of Okawaru.
   336 | D        | Found a basalt altar of Yredelemnul.
   336 | D        | Found a glowing golden altar of the Shining One.
   336 | D        | Found a snail-covered altar of Cheibriados.
   336 | D        | Found a sacrificial altar of Ru.
   336 | D        | Found a glowing silver altar of Zin.
   336 | D        | Found a shadowy altar of Dithmenos.
   336 | D        | Found a white marble altar of Elyvilon.
   336 | D        | Noticed a yak
   344 | D        | Killed a yak
   345 | D        | Reached skill level 1 in Hexes
   345 | D        | Reached skill level 9 in Fire Magic
   399 | D        | Found an opulent altar of Gozag.
   400 | D        | Found a sparkling altar of Nemelex Xobeh.
   417 | D        | Found a burning altar of Makhleb.
   417 | D        | Found a viscous altar of Jiyva.
   417 | D        | Found a shimmering altar of Xom.
   417 | D        | Found a corrupted altar of Lugonu.
   417 | D        | Noticed a slime creature
   427 | D        | Killed a slime creature
   428 | D        | Reached skill level 10 in Fire Magic
   428 | D        | Reached XP level 7. HP: 43/43 MP: 6/17
   515 | D        | Noticed a kobold demonologist
   519 | D        | Reached * piety under Sif Muna
   519 | D        | Killed a kobold demonologist
   520 | D        | Reached skill level 11 in Fire Magic
   520 | D        | Reached XP level 8. HP: 49/49 MP: 6/20
   521 | D        | Killed a kobold demonologist
   612 | D        | Noticed Sonja
   616 | D        | Killed Sonja
   616 | D        | Reached ** piety under Sif Muna
   617 | D        | Reached skill level 10 in Spellcasting
   617 | D        | Reached skill level 12 in Fire Magic
   617 | D        | Reached XP level 9. HP: 54/54 MP: 14/23
   718 | D        | Found Osijaone's Magic Scroll Boutique.
   744 | D        | Noticed a deep troll
   753 | D        | Killed a deep troll
   767 | D        | Found Biluump's Armour Emporium.
   789 | D        | Noticed a centaur warrior
   804 | D        | Killed a centaur warrior
   805 | D        | Reached skill level 1 in Throwing
   805 | D        | Reached skill level 10 in Conjurations
   805 | D        | Reached skill level 13 in Fire Magic
   928 | D        | Noticed a hornet
   932 | D        | Noticed a centaur warrior
   939 | D        | Shot with an arrow by a centaur warrior

Illustrated notes

Levels and vault maps discovered:
D:        dungeon_sprint_1 [red_sonja_temple_1, red_sonja_temple_small_1]

Skill      XL: |  1  2  3  4  5  6  7  8  9 |
---------------+----------------------------+-----
Stealth        | 3 4 5 6 |  6.2
Conjurations   | 2 4 5 7 9 10 | 10.0
Fire Magic     | 4 6 8 10 11 12 13 | 13.5
Dodging        | 3 4 |  4.8
Spellcasting   | 4 5 7 8 10 11 | 11.5
Fighting       | 1 2 |  2.0
Hexes          | 1 2 3 4 |  4.8
Throwing       | 1 |  1.4

Action                     |  1- 3 |  4- 6 |  7- 9 || total
---------------------------+-------+-------+-------++-------
  Melee: Unarmed           |     6 |       |       ||     6
         Constrict         |     1 |       |       ||     1
         Tentacles         |     1 |       |       ||     1
  Throw: Dart              |       |       |     4 ||     4
   Cast: Foxfire           |     4 |    10 |    10 ||    24
         Scorch            |     3 |     5 |     8 ||    16
         Inner Flame       |       |     3 |     6 ||     9
  Evoke: Wand              |       |       |     1 ||     1
    Use: Potion            |     1 |       |     1 ||     2
         Scroll            |       |       |     1 ||     1
  Dodge: Dodged            |       |       |     1 ||     1

Table legend: (Time is in decaauts)
 A = Elapsed time spent in this place.
 B = Non-inter-level travel time spent in this place.
 C = Inter-level travel time spent in this place.
 D = Time resting spent in this place.
 E = Time spent auto-exploring this place.
 F = Levels seen in this place.
 G = Mean time per level.
                   A        B        C        D        E       F      G
               +--------+--------+--------+--------+--------+-----+--------+
         Total |    950 |    950 |      0 |    550 |      0 |   1 |  950.0 |
       Dungeon |    950 |    950 |      0 |    550 |      0 |   1 |  950.0 |
               +--------+--------+--------+--------+--------+-----+--------+

Top non-repeatable levels by time:
       D: 950 daAuts
